 Dungeon Crawl Stone Soup version 0.28-a0-1234-g826d19b2e0 (webtiles) character file.

Game seed: 4870984796786953910

1236 HoaS the Grappler (level 8, -2/66 HPs)
             Began as a Ghoul Gladiator on Dec 23, 2021.
             Was a Follower of Makhleb.
             Slain by an elf zombie (5 damage)
             ... in an ossuary.
             The game lasted 00:12:17 (4416 turns).

HoaS the Grappler (Ghoul Gladiator)                 Turns: 4416, Time: 00:12:18

Health: -2/66      AC: 10    Str: 20    XL:     8   Next: 49%
Magic:  7/7        EV:  8    Int:  3    God:    Makhleb [*.....]
Gold:   299        SH:  0    Dex: 10    Spells: 7/7 levels left

rFire   + . .      SeeInvis .     - Unarmed
rCold   + . .      Faith    .   (no shield)
rNeg    + + +      Spirit   .   j - +0 chain mail
rPois   ∞          Reflect  .   b - +0 helmet
rElec   .          Harm     .   (no cloak)
rCorr   +          Rampage  .   (no gloves)
Will    .....                   (no boots)
Stlth   ..........              (no amulet)
HPRegen 0.00/turn               a - ring of protection from fire
MPRegen 0.10/turn               l - ring of resist corrosion

@: inhibited regen, hasted, very quick
A: claws 1, cold resistance 1, negative energy resistance 3, inhibited
regeneration, torment resistance 2
a: Renounce Religion


You were in an ossuary.
You worshipped Makhleb.
Makhleb was aware of your devotion.
You visited 2 branches of the dungeon, and saw 7 of its levels.
You also visited: Ossuary.

You collected 299 gold pieces.

Inventory:

Missiles
 c - 4 throwing nets (quivered)
 e - 20 poisoned darts
 h - 3 datura-tipped darts
 i - a boomerang of dispersal
Armour
 b - a +0 helmet (worn)
 j - a +0 chain mail (worn)
Jewellery
 a - a ring of protection from fire (left claw)
 l - a ring of resist corrosion (right claw)
Wands
 f - a wand of polymorph (13)
 m - a wand of acid (6)
Scrolls
 g - a scroll of teleportation
 k - 6 scrolls of fear
 r - a scroll of summoning
Potions
 d - a potion of ambrosia
 o - a potion of flight
 p - a potion of curing {unknown}
 q - a potion of berserk rage {unknown}
 s - 2 potions of invisibility {unknown}
 t - a potion of cancellation {unknown}


   Skills:
 + Level 3.9 Fighting
 - Level 1.7 Throwing
 + Level 3.6 Armour
 + Level 3.7 Dodging
 + Level 9.3 Unarmed Combat


You had 7 spell levels left.
You didn't know any spells.
Your spell library contained the following spells:

 Spells                   Type           Power      Damage    Failure   Level
 Pain                     Necr           0%         1d4       99%         1
 Summon Guardian Golem    Hex/Summ       0%         N/A       100%        3
 Agony                    Necr           0%         N/A       100%        5
 Excruciating Wounds      Necr           0%         N/A       100%        5
 Iskenderun's Battlesphe  Conj           0%         2d6       100%        5
 Dispersal                Tloc           0%         N/A       100%        6
 Iron Shot                Conj/Erth      0%         9d1       100%        6
 Orb of Destruction       Conj           0%         N/A       100%        7
 Spellforged Servitor     Conj/Summ      0%         N/A       100%        7
 Disjunction              Tloc           0%         N/A       100%        8


Dungeon Overview and Level Annotations

Branches:
Dungeon (6/15)             Temple (1/1) D:4         Ossuary (1/1)

Altars:
Dithmenos
Elyvilon
Gozag
Hepliaklqana
Kikubaaqudgha
Makhleb
Okawaru
Qazlal
Ru
Sif Muna
Wu Jian
Zin

Shops:
D:6 [


Innate Abilities, Weirdness & Mutations

You thrive by killing the living.
You are immune to poison.
You have sharp fingernails.
Your flesh is cold resistant. (rC+)
You are immune to negative energy. (rN+++)
You do not regenerate when monsters are visible.
You are immune to unholy pain and torment.


Message History

The orc zombie hits you but does no damage.
You scratch the elf zombie. You claw the elf zombie!
The elf zombie is lightly damaged.
You scratch the elf zombie.
The elf zombie is moderately damaged.
The elf zombie hits you.
* * * LOW HITPOINT WARNING * * *
The kobold zombie hits you but does no damage.
The orc zombie closely misses you.
You barely miss the elf zombie.
The elf zombie is moderately damaged.
You claw the elf zombie!
The elf zombie is heavily damaged.
The elf zombie hits you.
* * * LOW HITPOINT WARNING * * *
The kobold zombie hits you but does no damage.
The orc zombie hits you but does no damage.
You closely miss the elf zombie.
The elf zombie is heavily damaged.
You barely miss the elf zombie.
The elf zombie is heavily damaged.
The elf zombie hits you but does no damage.
The kobold zombie hits you but does no damage.
You barely miss the elf zombie.
The elf zombie is heavily damaged.
The orc zombie hits you but does no damage.
You claw the elf zombie!
The elf zombie is heavily damaged.
You claw the elf zombie!
The elf zombie is severely damaged.
The kobold zombie hits you but does no damage.
The elf zombie hits you but does no damage.
The orc zombie hits you but does no damage.
You closely miss the elf zombie.
The elf zombie is severely damaged.
You barely miss the elf zombie.
The elf zombie is severely damaged.
The kobold zombie hits you but does no damage.
The elf zombie hits you.
You die...

#...# .... # #...#
#^^# # #...# #^^#
# #...# #.Z# #
#...######..######
#.........Z.......
#Z.......8..8.....
#ZZ...............
#@ZZ..............
##################


You could see a hobgoblin zombie, a kobold zombie, an orc zombie and 2 elf
zombies.

Vanquished Creatures
  Eustachio (D:5)
  An ice beast (D:6)
  An ogre (D:5)
  A centaur (D:6)
  A necrophage (D:4)
  An elf zombie (Ossuary)
  2 scorpions (D:4)
  3 orc priests
  A hound (D:5)
  A centaur skeleton (D:3)
  A human zombie (Ossuary)
  3 iguanas
  4 orc wizards
  2 mummies (Ossuary)
  A howler monkey zombie (D:5)
  6 adders
  A white imp (D:5)
  An adder zombie (Ossuary)
  A worm (D:3)
  3 dart slugs
  15 orcs
  7 ball pythons
  5 endoplasms
  4 giant cockroaches
  8 goblins
  6 hobgoblins
  4 jackals (D:2)
  8 kobolds
  2 quokkas
  5 bats
  4 frilled lizards
  6 hobgoblin zombies (Ossuary)
  2 jackal zombies
  6 kobold zombies (Ossuary)
  9 orc zombies (Ossuary)
  22 rats
  A rat zombie (Ossuary)
150 creatures vanquished.

Notes
Turn   | Place    | Note
-------+----------+-------------------------------------------
     0 | D:1      | HoaS the Ghoul Gladiator began the quest for the Orb.
     0 | D:1      | Reached XP level 1. HP: 17/17 MP: 0/0
   169 | D:1      | Reached XP level 2. HP: 25/25 MP: 1/1
   941 | D:2      | Reached XP level 3. HP: 23/30 MP: 2/2
  1002 | D:2      | Reached skill level 1 in Armour
  1002 | D:2      | Reached skill level 4 in Unarmed Combat
  1148 | D:2      | Reached XP level 4. HP: 30/37 MP: 3/3
  1431 | D:2      | Found a hazy altar of Hepliaklqana.
  1575 | D:3      | Found a sacrificial altar of Ru.
  1883 | D:3      | Reached XP level 5. HP: 45/45 MP: 4/4
  1909 | D:3      | Reached skill level 5 in Unarmed Combat
  2388 | D:4      | Noticed a necrophage
  2412 | D:4      | Killed a necrophage
  2599 | D:4      | Reached skill level 6 in Unarmed Combat
  2599 | D:4      | Reached XP level 6. HP: 49/51 MP: 5/5
  2692 | D:4      | Found a staircase to the Ecumenical Temple.
  2702 | Temple   | Entered the Ecumenical Temple
  2759 | Temple   | Became a worshipper of Makhleb the Destroyer
  3473 | D:5      | Entered Level 5 of the Dungeon
  3504 | D:5      | Reached skill level 7 in Unarmed Combat
  3504 | D:5      | Reached XP level 7. HP: 57/57 MP: 6/6
  3516 | D:5      | Noticed Eustachio
  3547 | D:5      | Killed Eustachio
  3610 | D:5      | Reached skill level 8 in Unarmed Combat
  4051 | D:6      | Found Furismesh's Armour Boutique.
  4054 | D:6      | Reached skill level 9 in Unarmed Combat
  4054 | D:6      | Reached XP level 8. HP: 61/63 MP: 7/7
  4111 | D:6      | Found a sand-covered staircase.
  4136 | Ossuary  | Entered an ossuary
  4254 | Ossuary  | Reached * piety under Makhleb
  4409 | Ossuary  | HP: 3/66 [elf zombie (1)]
  4416 | Ossuary  | Slain by an elf zombie

Illustrated notes

Levels and vault maps discovered:
D:1:      minmay_arrival_loop, layout_rooms, serial_corexii_hall,
          chequers_hall_statues_wall_a, chequers_hall_statues_y,
          minmay_splitting_lines
D:2:      layout_rooms, basic_altar
D:3:      layout_loops_ring, nicolae_ru_great_annihilating_truth,
          minmay_rat_hole
D:4:      layout_basic, minmay_temple_entry_glass
D:5:      layout_rooms, kennysheep_nondescript, minmay_fountain_box,
          roderic_roman_lattice, uniq_eustachio
D:6:      layout_loops_ring, nicolae_hepliaklqana_hippocampus, enter_ossuary_3,
          serial_shops, shop, nicolae_shop_hallway_stairs,
          nicolae_stop_n_shop_1, kennysheep_little_box,
          nicolae_shop_advertising_works [nicolae_subvault_shop_adworks],
          serial_park_tiny_2
Temple:   cyrus_temple_forest
Ossuary:  ossuary_tomb_1

Skill      XL: |  1  2  3  4  5  6  7 |
---------------+----------------------+-----
Dodging        | 3 |  3.7
Armour         | 1 2 3 |  3.6
Unarmed Combat | 4 6 7 9 |  9.3
Fighting       | 3 |  3.9
Throwing       | |  1.7

Action                   |  1- 3 |  4- 6 |  7- 9 || total
-------------------------+-------+-------+-------++-------
Melee: Unarmed           |   109 |   201 |   177 ||   487
       Punch             |     2 |     4 |    10 ||    16
Throw: Throwing net      |       |     1 |     1 ||     2
  Use: Scroll            |     2 |     7 |     2 ||    11
       Potion            |       |       |     1 ||     1
 Stab: Paralysed         |       |     2 |       ||     2
       Held in net/web   |       |     1 |     1 ||     2
Armor: Leather armour    |     6 |       |       ||     6
       Scale mail        |    45 |     4 |       ||    49
       Chain mail        |       |    69 |   142 ||   211
Dodge: Dodged            |    63 |    66 |    61 ||   190

Table legend: (Time is in decaauts)
 A = Elapsed time spent in this place.
 B = Non-inter-level travel time spent in this place.
 C = Inter-level travel time spent in this place.
 D = Time resting spent in this place.
 E = Time spent auto-exploring this place.
 F = Levels seen in this place.
 G = Mean time per level.
                   A        B        C        D        E       F      G
               +--------+--------+--------+--------+--------+-----+--------+
         Total |   4349 |   4136 |    213 |    737 |   2333 |   8 |  543.6 |
       Dungeon |   3988 |   3816 |    172 |    643 |   2266 |   6 |  664.7 |
        Temple |     98 |     57 |     41 |      0 |     37 |   1 |   98.0 |
       Ossuary |    262 |    262 |      0 |     94 |     30 |   1 |  262.0 |
               +--------+--------+--------+--------+--------+-----+--------+

Top non-repeatable levels by time:
     D:4: 1016 daAuts
     D:1: 902 daAuts
     D:3: 880 daAuts
     D:5: 567 daAuts
     D:2: 541 daAuts
 Ossuary: 262 daAuts
  Temple: 98 daAuts
     D:6: 79 daAuts
